 Dungeon Crawl Stone Soup version 0.22.1-5-g62c59d919a (webtiles) character file.

10529 Gargoyl the Agent of Entropy (level 11, -3/91 HPs)
             Began as a Centaur Abyssal Knight on Jan 9, 2019.
             Was a Priest of Lugonu.
             Killed from afar by a rime drake (23 damage)
             ... with a flash freeze
             ... on level 3 of the Lair of Beasts.
             The game lasted 00:27:15 (15964 turns).

Gargoyl the Agent of Entropy (CeAK)                Turns: 15964, Time: 00:27:15

Health: -3/91      AC: 18    Str: 16    XL:     11   Next: 37%
Magic:  17/17      EV:  5    Int: 11    God:    Lugonu [***...]
Gold:   507        SH:  5    Dex: 11    Spells: 10/10 levels left

rFire    + . .     SeeInvis .   a - +4 hand axe
rCold    . . .     Gourm    .   e - +0 buckler
rNeg     . . .     Faith    .   q - +0 plate armour
rPois    .         Spirit   .   o - +2 hat {MR+}
rElec    .         Reflect  .   d - +2 cloak
rCorr    .         Harm     .   u - +0 pair of gloves
MR       +....                  (no barding)
Stlth    ..........             (no amulet)
HPRegen  0.25/turn              b - +1 ring of evasion
MPRegen  0.15/turn              y - ring of protection from fire

@: very quick
A: large, hooves 3, deformed body, speed 2, tough skin 3
a: Depart the Abyss, Bend Space, Banish, Renounce Religion


You were on level 3 of the Lair of Beasts.
You worshipped Lugonu.
Lugonu was most pleased with you.
You were not hungry.

You visited 2 branches of the dungeon, and saw 11 of its levels.
You visited the Abyss 1 time.

You collected 507 gold pieces.

Inventory:

Hand Weapons
 a - a +4 hand axe (weapon)
Missiles
 v - a poisoned tomahawk
 w - 3 javelins (quivered)
Armour
 d - a +2 cloak (worn)
 e - a +0 buckler (worn)
 o - a +2 hat of magic resistance (worn)
 q - a +0 plate armour (worn)
 u - a +0 pair of gloves (worn)
Jewellery
 b - a +1 ring of evasion (left hand)
 h - an uncursed ring of resist corrosion
 s - an uncursed ring of see invisible
 y - a ring of protection from fire (right hand)
Wands
 i - a wand of disintegration (23)
 t - a wand of random effects (38)
Scrolls
 j - 2 scrolls of identify
 l - a scroll of amnesia
 p - 5 scrolls of remove curse
 x - a scroll of teleportation
 B - a scroll of enchant armour
 C - a scroll of fog
Potions
 f - 2 potions of flight
 g - 2 potions of resistance
 k - a potion of mutation
 m - 3 potions of curing
 n - a potion of magic
 r - a potion of might
 z - a potion of agility
Miscellaneous
 A - a lightning rod (4/4)
Comestibles
 c - 17 rations


   Skills:
 + Level 6.5 Fighting
 + Level 7.6 Axes
 + Level 1.6 Throwing
 * Level 8.3 Armour
 + Level 2.2 Dodging
 * Level 5.0 Shields
 * Level 8.6 Invocations
 + Level 0.5 Evocations


You had 10 spell levels left.
You didn't know any spells.
Your spell library was empty.

Dungeon Overview and Level Annotations

Branches:
Dungeon (8/15)             Temple (0/1) D:6            Lair (3/6) D:8
 Shoals (0/4) Lair:3
  Snake: Lair:2-4    Spider: Lair:2-4

Altars:
Cheibriados
Dithmenos
Hepliaklqana
Makhleb
Qazlal
Ru
Sif Muna
Uskayaw
Wu Jian
The Shining One

Annotations:
D:2 Sigmund
D:4 Menkaure
Lair:2 Erica


Innate Abilities, Weirdness & Mutations

You have hooves in place of feet.
Armour fits poorly on your strangely shaped body.
You cover ground very quickly.
You have extremely tough skin. (AC +3)


Message History

The rime drake bites you but does no damage.
You block the rime drake's attack.
The rime drake bites you but does no damage.
The rime drake breathes ice at you. The flash freeze hits you!
* * * LOW HITPOINT WARNING * * *
You are encased in ice.
The rime drake bites you but does no damage.
The rime drake bites you.
* * * LOW HITPOINT WARNING * * *
Your surroundings suddenly seem different.
The ice encasing you melts away.
Unknown command.
There is a stone staircase leading up here.
You start resting.
The rime drake is too close now for your liking.
The rime drake hisses angrily.
The rime drake breathes ice at you. The flash freeze hits you!
You die...

.##.....##........#...#.....##...
........##.......P#..#......##...
##.#....#........##...##...#...=.
####....##.......##..##.+.#.#....
.##.kkk..........##..............
....k...##.PPP##..#..............
.........k.#####.#...............
.................................
................@..[.............
.................(.........(.....
.........#######.................
############.P#.#.......#...P#...
#....#...(..##.†#+.##..
##....##.....#......##..
#.....##....##......##..
###.....#....##......##..
#.......#....#.#..##.##..


You could see a rime drake.

Vanquished Creatures
  Gastronok (Lair:3)
  A demonic crawler (Lair:2)
  3 hippogriffs
  6 dream sheep (Lair:1)
  3 blink frogs (Lair:1)
  11 yaks
  A basilisk (Lair:1)
  A steam dragon (Lair:3)
  A water moccasin (Lair:1)
  2 porcupines (Lair:2)
  A sky beast (D:8)
  An orc warrior (D:7)
  An ice beast (D:6)
  A phantom (D:6)
  5 wolves (Lair:1)
  2 centaurs
  4 ogres
  2 crocodiles (Lair:1)
  A big kobold (D:7)
  5 bullfrogs
  2 gnoll sergeants
  A wyvern zombie (D:6)
  4 scorpions
  A howler monkey (D:6)
  4 crimson imps
  3 hounds
  A bullfrog zombie (D:6)
  A bullfrog skeleton (D:6)
  Crazy Yiuf (D:2)
  4 orc priests
  4 orc wizards
  Jessica (D:6)
  2 iguanas
  7 worker ants
  Terence (D:3)
  A hound zombie (D:6)
  A worker ant zombie (D:6)
  8 gnolls
  6 adders
  A shadow imp (D:8)
  2 adder skeletons
  7 worms
  A dart slug (D:1)
  7 leopard geckos
  22 orcs
  3 ball pythons
  3 giant cockroaches
  8 goblins
  11 hobgoblins
  7 jackals
  A quokka (D:5)
  7 bats
  5 frilled lizards
  4 kobolds
  A leopard gecko skeleton (D:7)
  A quokka zombie (D:8)
  8 rats
205 creatures vanquished.

Vanquished Creatures (collateral kills)
  A molten gargoyle (Lair:1)
1 creature vanquished.

Vanquished Creatures (others)
  2 hydras
  A komodo dragon (Lair:2)
  A wolf (Lair:1)
  3 fungi (Lair:3)
  A plant (Lair:3)
8 creatures vanquished.

Grand Total: 214 creatures vanquished

Notes
Turn   | Place    | Note
-------+----------+-------------------------------------------
     0 | Abyss:1  | Gargoyl the Centaur Abyssal Knight began the quest for the
                  | Orb.
     0 | Abyss:1  | Reached XP level 1. HP: 19/19 MP: 2/2
    57 | Abyss:1  | Noticed a starcursed mass
    64 | Abyss:1  | Noticed a small abomination
   143 | Abyss:2  | Noticed an iron dragon skeleton
   161 | Abyss:2  | Noticed an ancient zyme
   181 | Abyss:2  | Noticed a chaos spawn
   183 | Abyss:2  | Noticed a thrashing horror
   193 | Abyss:2  | Noticed a chaos spawn
   193 | Abyss:2  | Noticed a wretched star
   197 | Abyss:2  | Noticed a small abomination
   200 | D:1      | Escaped the Abyss
   232 | D:1      | Reached * piety under Lugonu
   407 | D:1      | Reached XP level 2. HP: 26/26 MP: 3/3
  1004 | D:2      | Reached XP level 3. HP: 15/31 MP: 4/4
  1421 | D:2      | Noticed Sigmund
  2280 | D:2      | Found a glowing golden altar of the Shining One.
  2426 | D:2      | Reached ** piety under Lugonu
  2553 | D:2      | Found a runed door.
  2557 | D:2      | Noticed Crazy Yiuf
  2590 | D:2      | HP: 1/33 [Crazy Yiuf/quarterstaff of chaos (10)]
  2591 | D:2      | Killed Crazy Yiuf
  2591 | D:2      | Reached XP level 4. HP: 1/40 MP: 5/5
  3073 | D:3      | Reached skill level 1 in Shields
  3278 | D:3      | Noticed Terence
  3297 | D:3      | Killed Terence
  3911 | D:3      | Reached XP level 5. HP: 40/46 MP: 6/6
  4374 | D:4      | Reached skill level 1 in Dodging
  4739 | D:4      | Found a hide-covered altar of Uskayaw.
  4785 | D:4      | Noticed Menkaure
  4791 | D:5      | Entered Level 5 of the Dungeon
  5329 | D:5      | Reached XP level 6. HP: 47/52 MP: 8/8
  5745 | D:5      | Found an ornate altar of the Wu Jian Council.
  6259 | D:6      | Noticed an ice beast
  6268 | D:6      | Killed an ice beast
  6268 | D:6      | Reached XP level 7. HP: 33/59 MP: 9/9
  6536 | D:6      | Reached *** piety under Lugonu
  6914 | D:6      | Found a staircase to the Ecumenical Temple.
  6954 | D:6      | Found a stormy altar of Qazlal.
  6999 | D:6      | Reached XP level 8. HP: 36/67 MP: 11/11
  7375 | D:6      | Noticed Jessica
  7382 | D:6      | Found a deep blue altar of Sif Muna.
  7390 | D:6      | Killed Jessica
  7665 | D:7      | Noticed a hippogriff
  7685 | D:7      | Found a sacrificial altar of Ru.
  7689 | D:7      | Found a hazy altar of Hepliaklqana.
  8143 | D:7      | Killed a hippogriff
  8295 | D:7      | Noticed a hippogriff
  8351 | D:7      | Killed a hippogriff
  8351 | D:7      | Reached skill level 5 in Armour
  9013 | D:7      | Reached skill level 5 in Axes
  9529 | D:7      | Reached XP level 9. HP: 30/73 MP: 12/12
  9991 | D:8      | Reached skill level 5 in Fighting
 10033 | D:8      | Reached skill level 5 in Invocations
 10480 | D:8      | Reached skill level 1 in Throwing
 11434 | D:8      | Found a staircase to the Lair.
 11550 | D:8      | Found a shadowy altar of Dithmenos.
 11557 | D:8      | Found a burning altar of Makhleb.
 11560 | D:8      | Found a snail-covered altar of Cheibriados.
 11600 | Lair:1   | Entered Level 1 of the Lair of Beasts
 11618 | Lair:1   | Noticed a four-headed hydra
 11621 | Lair:1   | Banished a four-headed hydra
 11826 | Lair:1   | Reached XP level 10. HP: 69/83 MP: 14/14
 12709 | Lair:1   | Noticed a molten gargoyle
 12722 | Lair:1   | Killed a molten gargoyle
 13527 | Lair:1   | Reached **** piety under Lugonu
 14769 | Lair:2   | Noticed Erica
 14773 | Lair:2   | Noticed a spiny frog
 14785 | Lair:3   | Noticed Gastronok
 15083 | Lair:3   | Found a staircase to the Shoals.
 15105 | Lair:3   | Reached XP level 11. HP: 53/90 MP: 16/16
 15597 | Lair:3   | Noticed a four-headed hydra
 15599 | Lair:3   | Banished a four-headed hydra
 15635 | Lair:3   | Killed Gastronok
 15635 | Lair:3   | Reached skill level 5 in Shields
 15964 | Lair:3   | Killed from afar by a rime drake

Skill      XL: |  1  2  3  4  5  6  7  8  9 10 11 |
---------------+----------------------------------+-----
Axes           | 2 3 4 5 6 7 |  7.6
Armour         | 2 3 4 5 6 8 |  8.3
Shields        | 1 2 3 4 5 |  5.0
Dodging        | 1 2 |  2.2
Invocations    | 3 4 6 7 8 |  8.6
Fighting       | 4 5 6 |  6.5
Throwing       | 1 |  1.6
Evocations     | |  0.5

Action                   |  1- 3 |  4- 6 |  7- 9 | 10-12 || total
-------------------------+-------+-------+-------+-------++-------
Melee: Hand axe          |   128 |   212 |   370 |   250 ||   960
       Whip              |     8 |       |       |       ||     8
       Kick              |    20 |    39 |    86 |    87 ||   232
Throw: Javelin           |       |       |    15 |     3 ||    18
       Tomahawk          |       |       |     3 |     1 ||     4
Invok: Depart the Abyss  |     1 |       |       |       ||     1
       Bend Space        |       |       |     1 |     1 ||     2
       Banish            |       |       |     2 |    10 ||    12
Evoke: Wand              |       |       |     2 |       ||     2
       Lightning rod     |       |       |       |     3 ||     3
  Use: Scroll            |     5 |     6 |    10 |     6 ||    27
       Potion            |     4 |     2 |     3 |     7 ||    16
 Stab: Distracted        |       |       |       |     2 ||     2
  Eat: Ration            |     1 |     2 |     1 |     4 ||     8
       Chunk             |       |     4 |    12 |     3 ||    19
Armor: Scale mail        |    94 |   105 |   104 |       ||   303
       Skin              |       |       |     1 |       ||     1
       Plate armour      |       |       |    99 |   205 ||   304
Dodge: Dodged            |    61 |    78 |   146 |    79 ||   364
Block: Buckler           |    26 |    39 |    87 |    60 ||   212
